 Dungeon Crawl Stone Soup version 0.22-a0-42-g002c468 (webtiles) character file.

18 FRamirez the Shield-Bearer (level 2, -2/27 HPs)
             Began as a Minotaur Fighter on Jan 5, 2018.
             Slain by a kobold
             ... wielding a +0 dagger of electrocution
              (11 damage)
             ... on level 1 of the Dungeon.
             The game lasted 00:01:40 (281 turns).

FRamirez the Shield-Bearer (Minotaur Fighter)        Turns: 281, Time: 00:01:40

Health: -2/27      AC:  7    Str: 20    XL:     2   Next: 48%
Magic:  1/1        EV:  7    Int:  5    God:
Gold:   17         SH:  9    Dex:  9    Spells: 1/1 levels left

rFire    . . .     SeeInvis .   a - +0 war axe
rCold    . . .     Gourm    .   c - +0 shield
rNeg     . . .     Faith    .   b - +0 scale mail
rPois    .         Spirit   .   (helmet restricted)
rElec    .         Reflect  .   (no cloak)
rCorr    .         Harm     .   (no gloves)
MR       .....                  (no boots)
Stlth    ..........             (no amulet)
HPRegen  0.09/turn              (no ring)
MPRegen  0.07/turn              (no ring)

@: no status effects
A: retaliatory headbutt, horns 2
a: no special abilities


You were on level 1 of the Dungeon.
You were not hungry.

You visited 1 branch of the dungeon, and saw 1 of its levels.

You collected 17 gold pieces.

Inventory:

Hand Weapons
 a - a +0 war axe (weapon)
Armour
 b - a +0 scale mail (worn)
 c - a +0 shield (worn)
Scrolls
 e - a scroll of magic mapping {unknown}
 h - a scroll of enchant armour {unknown}
Potions
 d - a potion of might
 g - a potion of haste {unknown}
Comestibles
 f - a ration


   Skills:
 + Level 4.0 Fighting
 + Level 2.4 Axes
 + Level 3.7 Armour
 + Level 4.2 Shields


You had one spell level left.
You didn't know any spells.

Dungeon Overview and Level Annotations

Branches:
Dungeon (1/15)

Altars:


Innate Abilities, Weirdness & Mutations

You reflexively headbutt those who attack you in melee.
You have a pair of horns on your head.


Message History

You closely miss the kobold. You barely miss the kobold.
The leopard gecko hisses angrily.
The kobold barely misses you. The kobold hits you but does no damage.
The kobold hits you with a dagger of electrocution.
You are electrocuted!
Ouch! That really hurt!
You are too injured to fight recklessly!
You are too injured to fight recklessly!
You are too injured to fight recklessly!
You are too injured to fight recklessly!
You are too injured to fight recklessly!
You hit the kobold.
The kobold is severely wounded.
You miss the kobold. You block the kobold's attack. x2
The kobold completely misses you. You furiously retaliate!
You headbutt the kobold.
You kill the kobold!
You miss the kobold. The kobold hits you but does no damage.
You are electrocuted!
You die...

....###.. ..#.#...####
...........####
............#..
.>..........(.#
...$...l.....#
.......)K....# .
.......@.....# ..
.............#...
###.##...........(.....
#......................#
#.........#######....###
#.........# ###...#
#.........# ##.....#
#.........#####..#.#.#
#................#.#...


You could see a leopard gecko and a kobold.

Vanquished Creatures
  2 bats (D:1)
  4 goblins (D:1)
  2 hobgoblins (D:1)
  4 jackals (D:1)
  A ball python (D:1)
  A kobold (D:1)
  A rat (D:1)
15 creatures vanquished.

Notes
Turn   | Place    | Note
-------+----------+-------------------------------------------
     0 | D:1      | FRamirez the Minotaur Fighter began the quest for the Orb.
     0 | D:1      | Reached XP level 1. HP: 19/19 MP: 0/0
    27 | D:1      | Reached XP level 2. HP: 14/27 MP: 1/1
   281 | D:1      | Slain by a kobold

Vault maps used:
D:1:      saegor_arrival_simple_e

Skill      XL: |  1  2 |
---------------+-------+-----
Shields        | 4 |  4.2
Fighting       | 4 |  4.0
Axes           | |  2.4
Armour         | |  3.7

Action                   || total
-------------------------++-------
Melee: War axe           ||    25
       Headbutt          ||     2
Armor: Scale mail        ||    32
Dodge: Dodged            ||    25
Block: Shield            ||    32

Table legend:
 A = Spawn XP
 B = Non-spawn XP
 C = Spawn XP percentage of total XP
 D = Spawn monster count
 E = Non-spawn monster count
 F = Spawn count percentage of total count
 G = Total turns spent on level
                    A         B        C        D         E        F      G
               +---------+---------+-------+---------+---------+-------+---------
         Total |       0 |      26 |   0.0 |       0 |      15 |   0.0 |   281
               +---------+---------+-------+---------+---------+-------+---------
           D:1 |       0 |      26 |   0.0 |       0 |      15 |   0.0 |   281
               +---------+---------+-------+---------+---------+-------+---------
